[Event "WYCC 2018 O14"]
[Site "Halkidiki"]
[Date "2018.10.22"]
[Round "4"]
[White "Abelakiotis, Stavros"]
[Black "Srihari L R"]
[Result "0-1"]
[ECO "B07"]
[WhiteElo "1994"]
[BlackElo "2170"]
[Annotator "NA"]
[PlyCount "78"]
[EventDate "2018.10.20"]
[EventType "swiss"]
[EventCountry "GRE"]
[SourceTitle "playchess.com"]
[Source "ChessBase"]
[SourceQuality "1"]
[TimeControl "40/5400+30:1800+30"]

1. e4 d6 2. d4 Nf6 3. Nc3 c6 4. f4 Qa5 5. Bd3 e5 6. Nf3 Bg4 7. Be3 Nbd7 8. O-O Be7 9. h3 Bxf3 10. Qxf3 O-O 11. Kh1 Rac8 12. a3 Qc7 13. Bc4 b5 14. Ba2 a6 15. Rad1 c5 16. dxe5 dxe5 17. Nd5 Nxd5 18. Bxd5 Bd6 19. f5 Nf6 20. Rd2 c4 21. c3 Be7 22. g4 h6 23. Rfd1 Rfd8 24. Qf2 Rd6 25. Kg2 Rcd8 26. Kf3 R8d7 27. Ke2 Rd8 28. Kf3 R8d7 29. Ke2 Qd8 30. Bc5 Nxe4 31. Bxd6 Nxf2 32. Bxe7 Qxe7 33. Bxf7+ Kxf7 34. Rxd7 Nxd1 35. Rxe7+ Kxe7 36. Kxd1 Kf6 37. Ke2 Kg5 38. Kf3 Kh4 39. Kg2 e4 0-1

[Event "WYCC 2018 O14"]
[Site "Halkidiki"]
[Date "2018.10.22"]
[Round "4"]
[White "Ngo, Duc Tri"]
[Black "Mishra, Abhimanyu"]
[Result "1-0"]
[ECO "B24"]
[WhiteElo "1883"]
[BlackElo "2149"]
[Annotator "NA"]
[PlyCount "111"]
[EventDate "2018.10.20"]
[EventType "swiss"]
[EventCountry "GRE"]
[SourceTitle "playchess.com"]
[Source "ChessBase"]
[SourceQuality "1"]
[TimeControl "40/5400+30:1800+30"]

1. e4 c5 2. Nc3 Nc6 3. Nf3 e6 4. Bb5 a6 5. Bxc6 dxc6 6. d3 Nf6 7. Bg5 Qc7 8. e5 Nd7 9. Qe2 $16 h6 10. Bh4 b5 11. O-O Bb7 12. Bg3 Be7 13. Ne4 Qb6 14. c4 O-O-O 15. a4 b4 16. a5 Qa7 17. Nfd2 f6 18. exf6 gxf6 19. Bd6 Rhe8 20. Nb3 f5 21. Bxe7 Rxe7 22. Nd6+ Kb8 23. Nxf5 Ree8 24. Nxh6 Re7 25. Nf5 Ree8 26. Nd6 Re7 27. Qg4 Rh8 28. Rae1 e5 29. f4 Ka8 30. fxe5 Qb8 31. Qf4 Nxe5 32. Rxe5 Qxd6 33. Rh5 Qxf4 34. Rxh8+ Qb8 35. Rff8 Qxf8 36. Rxf8+ Ka7 37. Nxc5 Rg7 38. h4 Rh7 39. g3 Rg7 40. Kf2 Rh7 41. Kf3 Rg7 42. h5 Rg5 43. Nxb7 Kxb7 44. h6 Rh5 45. Rf7+ Kc8 46. h7 Kd8 47. Rf8+ Ke7 48. h8=Q Rxh8 49. Rxh8 Kf6 50. g4 Ke5 51. Ke3 c5 52. Rh5+ Kd6 53. Rd5+ Kc6 54. g5 Kb7 55. g6 Kc6 56. g7 1-0

[Event "WYCC 2018 O14"]
[Site "Halkidiki"]
[Date "2018.10.22"]
[Round "4"]
[White "Ilic, Nicholas"]
[Black "Cohen Revivo, Shoham"]
[Result "0-1"]
[ECO "C02"]
[WhiteElo "1842"]
[BlackElo "2289"]
[Annotator "NA"]
[PlyCount "50"]
[EventDate "2018.10.20"]
[EventType "swiss"]
[EventCountry "GRE"]
[SourceTitle "playchess.com"]
[Source "ChessBase"]
[SourceQuality "1"]
[TimeControl "40/5400+30:1800+30"]

1. e4 e6 2. d4 d5 3. e5 c5 4. c3 Nc6 5. Nf3 Qb6 6. a3 Nh6 7. b4 cxd4 8. Bxh6 gxh6 9. cxd4 Bd7 10. Ra2 Rg8 11. g3 Rg4 12. Rd2 a5 13. b5 Na7 14. Qb3 Re4+ 15. Kd1 Nxb5 16. Bd3 (16. Rc2 $17) 16... Rc8 $19 17. Rb2 a4 18. Qa2 Rxd4 19. Nxd4 Qxd4 20. Rd2 Bxa3 21. Ke2 Qg4+ 22. Kf1 Qf3 23. Kg1 Rc1+ 24. Bf1 Bb4 25. Qxa4 Rxf1+ 0-1

[Event "WYCC 2018 O14"]
[Site "Halkidiki"]
[Date "2018.10.22"]
[Round "4"]
[White "Dabarera, G W D M"]
[Black "Soriano Quispe, Ivan Excender"]
[Result "1-0"]
[ECO "C29"]
[WhiteElo "1768"]
[BlackElo "2054"]
[Annotator "NA"]
[PlyCount "41"]
[EventDate "2018.10.20"]
[EventType "swiss"]
[EventCountry "GRE"]
[SourceTitle "playchess.com"]
[Source "ChessBase"]
[SourceQuality "1"]
[TimeControl "40/5400+30:1800+30"]

1. e4 e5 2. Nc3 Nf6 3. f4 d5 4. fxe5 Nxe4 5. Qf3 Nxc3 6. bxc3 c5 7. Bb5+ Nc6 8. Bxc6+ bxc6 9. Qg3 Bf5 10. d3 Qa5 11. Ne2 Qa4 12. O-O Qxc2 13. Rxf5 Qxe2 14. Ba3 g6 15. Rf2 Qh5 16. e6 O-O-O 17. Qe3 Bd6 18. g3 Rhe8 19. Rxf7 Qg4 20. e7 Rd7 21. Rf8 1-0

[Event "WYCC 2018 O14"]
[Site "Halkidiki"]
[Date "2018.10.23"]
[Round "5"]
[White "Spyropoulos, Nikolaos"]
[Black "Torngren, Gustav"]
[Result "1-0"]
[ECO "B38"]
[WhiteElo "2378"]
[BlackElo "2107"]
[Annotator "NA"]
[PlyCount "117"]
[EventDate "2018.10.20"]
[EventType "swiss"]
[EventCountry "GRE"]
[SourceTitle "playchess.com"]
[Source "ChessBase"]
[SourceQuality "1"]
[TimeControl "40/5400+30:1800+30"]

1. e4 c5 2. Nf3 g6 3. c4 Nc6 4. d4 cxd4 5. Nxd4 Bg7 6. Be3 Nh6 7. Nc3 d6 8. Be2 O-O 9. O-O f5 10. Qd2 Nxd4 11. Bxd4 f4 12. Bxg7 Kxg7 13. Rad1 Be6 14. Qd4+ Kg8 15. e5 Nf7 $16 16. Qxf4 Nxe5 17. Qe4 Qc8 18. b3 Qc6 19. Qe3 Qb6 20. Rd4 Kg7 21. Na4 Qc7 22. c5 Nc6 23. Rdd1 Bf7 24. cxd6 exd6 25. Bf3 Rac8 26. Bxc6 bxc6 27. Qd4+ Kg8 28. Qxd6 Bd5 29. Qxc7 Rxc7 30. Rfe1 Kf7 31. Rd4 Re7 32. Rf4+ Ke8 33. Rxe7+ Kxe7 34. Rxf8 Kxf8 35. f3 Ke7 36. Kf2 Kd6 37. Ke3 g5 38. Nc3 h6 39. Nxd5 Kxd5 40. g3 Ke5 41. f4+ gxf4+ 42. gxf4+ Kf5 43. b4 h5 44. h3 a6 45. a4 h4 46. a5 Kf6 47. Ke4 Ke6 48. f5+ Kf6 49. Kf4 Kf7 50. Kg5 Kg7 51. Kxh4 Kh6 52. Kg4 Kh7 53. Kg5 Kg7 54. f6+ Kf7 55. Kf5 c5 56. bxc5 Kf8 57. Ke6 Ke8 58. c6 Kd8 59. f7 1-0

[Event "WYCC 2018 O14"]
[Site "Halkidiki"]
[Date "2018.10.23"]
[Round "5"]
[White "Pogosyan, Stefan"]
[Black "Cardoso Cardoso, Jose Gabriel"]
[Result "0-1"]
[ECO "D27"]
[WhiteElo "2373"]
[BlackElo "2313"]
[Annotator "NA"]
[PlyCount "116"]
[EventDate "2018.10.20"]
[EventType "swiss"]
[EventCountry "GRE"]
[SourceTitle "playchess.com"]
[Source "ChessBase"]
[SourceQuality "1"]
[TimeControl "40/5400+30:1800+30"]

1. Nf3 d5 2. d4 Nf6 3. c4 dxc4 4. e3 e6 5. Bxc4 c5 6. O-O a6 7. dxc5 Qxd1 8. Rxd1 Bxc5 9. b3 Nbd7 10. Bb2 Ke7 {[%emt 0:04:38] D27: Queen's Gambit Accepted: Classical main line: 7 e4!? and 7 a4} (10... O-O 11. Nbd2 b5 12. Be2 Bb7 13. Ne1 Rfc8 14. Kf1 Kf8 15. Bf3 Bxf3 16. Ndxf3 Be7 17. Rac1 Nd5 18. e4 N5f6 19. Ng1 Rxc1 20. Bxc1 Rd8 {½-½ (58) Beliavsky,A (2628)-Navara,D (2697) Legnica 2013}) 11. Nbd2 b5 12. Bd3 $146 ({Predecessor:} 12. Be2 Bb7 13. Ne5 Nxe5 14. Bxe5 Rhd8 15. Bf3 Bxf3 16. Nxf3 Rxd1+ 17. Rxd1 {½-½ (17) Zarnicki,P (2515)-Ricardi,P (2555) Buenos Aires 1998}) 12... Bb7 13. a4 bxa4 14. bxa4 a5 15. Bc3 Rhc8 16. Rdb1 Ba6 17. Bxa6 Rxa6 18. Rb5 Bb6 19. Rc1 Ke8 20. Kf1 Nd5 21. Ne4 Bd8 22. Bb2 Rxc1+ 23. Bxc1 f5 24. Nc5 Nxc5 25. Rxc5 Be7 26. Rc4 Rb6 27. Bd2 Bb4 28. Ke2 Bxd2 29. Nxd2 Rb2 30. Rc5 Nb6 31. Kd1 Ra2 32. Rc6 Nxa4 33. Rxe6+ Kd7 34. Ra6 Nc3+ 35. Kc1 a4 36. Nb1 Nb5 37. Ra5 Nd6 38. g3 Rxf2 39. Rxa4 Ke6 40. Rh4 h6 41. Nc3 Nf7 42. e4 g5 43. exf5+ Kxf5 44. Re4 Ne5 45. Re2 Rxe2 46. Nxe2 Ke4 47. Kd1 Ke3 48. h4 g4 49. Ke1 Nf3+ 50. Kf1 Nd2+ 51. Ke1 Ne4 52. Nf4 Nxg3 53. Ng6 Nf5 54. h5 Kf3 55. Kf1 Kg3 56. Kg1 Nh4 57. Ne7 Kf4 $19 58. Kh2 Nf5 0-1

[Event "WYCC 2018 O14"]
[Site "Halkidiki"]
[Date "2018.10.23"]
[Round "5"]
[White "Stoyanov, Tsvetan"]
[Black "Gombocz, Ferenc Jr."]
[Result "1-0"]
[ECO "C24"]
[WhiteElo "2340"]
[BlackElo "2271"]
[Annotator "ChessBase"]
[PlyCount "159"]
[EventDate "2018.10.20"]
[EventType "swiss"]
[EventCountry "GRE"]
[SourceTitle "playchess.com"]
[Source "ChessBase"]
[SourceQuality "1"]
[TimeControl "40/5400+30:1800+30"]

1. e4 e5 2. Bc4 Nf6 3. d3 c6 4. Nf3 d5 5. Bb3 Bb4+ 6. Bd2 Bxd2+ 7. Nbxd2 Qd6 8. O-O O-O 9. Re1 Re8 10. d4 Bg4 11. dxe5 Rxe5 12. Nc4 Bxf3 13. Nxd6 Bxd1 14. Raxd1 Re6 15. Nxb7 Rxe4 16. Rxe4 Nxe4 17. Ba4 a5 18. c4 Nf6 19. Rc1 Ra7 20. Nd8 Rc7 21. cxd5 Nxd5 22. Nxc6 Kf8 23. Rd1 Nxc6 24. Rxd5 Nb4 25. Rd1 Nxa2 26. Kf1 Ke7 27. Rd5 Rc1+ 28. Ke2 Rb1 29. Rb5 Kd6 30. Kf3 g6 31. Bc2 Rc1 32. Bb3 Nb4 33. Rxa5 Nc6 34. Ra6 Ke7 35. Bd5 Ne5+ 36. Ke4 Ng4 37. Ra7+ Kd6 38. Bxf7 Nxf2+ 39. Kf3 Nd3 40. Bg8 Ne5+ 41. Kg3 h6 42. Rh7 Rc8 43. Ba2 Rb8 44. b3 Ra8 45. Bb1 Rb8 46. Bc2 Rc8 47. Be4 Rc3+ 48. Kf4 h5 49. Rh6 Rxb3 50. Bxg6 Nxg6+ 51. Rxg6+ Ke7 52. Kg5 Rb5+ 53. Kh4 Kf7 54. Rg5 Rb8 55. h3 Kf6 56. Kxh5 Rh8+ 57. Kg4 Rb8 58. Rf5+ Kg6 59. h4 Rb4+ 60. Rf4 Rb6 61. Rc4 Ra6 62. h5+ Kh6 63. Kh4 Rb6 64. g4 Rb5 65. g5+ Kg7 66. Rc7+ Kg8 67. h6 Rb6 68. Kh5 Rb5 69. Rc6 Kh7 70. Rf6 Rc5 71. Re6 Rb5 72. Re7+ Kg8 73. Kg6 Rb6+ 74. Kf5 Rb5+ 75. Kf6 Rb6+ 76. Re6 Rb8 77. g6 Ra8 78. g7 Kh7 79. Kf7 Rg8 80. Re8 1-0

[Event "WYCC 2018 O14"]
[Site "Halkidiki"]
[Date "2018.10.23"]
[Round "5"]
[White "Vettese, Nicholas"]
[Black "Bassini, Emile"]
[Result "1-0"]
[ECO "B90"]
[WhiteElo "2338"]
[BlackElo "2002"]
[Annotator "NA"]
[PlyCount "103"]
[EventDate "2018.10.20"]
[EventType "swiss"]
[EventCountry "GRE"]
[SourceTitle "playchess.com"]
[Source "ChessBase"]
[SourceQuality "1"]
[TimeControl "40/5400+30:1800+30"]

1. e4 {[%emt 0:00:00] Yermolinsky,A} c5 2. Nf3 d6 3. d4 cxd4 4. Nxd4 Nf6 5. Nc3 a6 6. Nb3 Nc6 7. Be3 {[%emt 0:00:35] B56: Sizilianisch (Abweichung von Sozin- und Richter/Rauser-Variante)} e6 8. g4 h6 9. a3 $146 ({Vorgänger:} 9. h4 b5 10. Bg2 Ne5 11. g5 Nfd7 12. f4 Nc4 13. Qe2 Nxb2 14. e5 Rb8 {1-0 (39) Vitiugov,N (2724)-Artemiev,V (2655) Moscow 2017 CBM 177 [Yermolinsky,A]}) 9... Ne5 10. Rg1 g5 11. h4 Nfd7 12. Qe2 Qf6 13. O-O-O Ng6 14. hxg5 hxg5 15. e5 Qxe5 16. Qd2 Rh2 17. Nd4 Nh4 18. Bxg5 Rxf2 19. Qxf2 Qxg5+ 20. Kb1 d5 21. Bd3 Be7 22. Bb5 axb5 23. Ncxb5 Kd8 24. Qxf7 Nf8 25. Qf2 Ra6 26. Qg3 e5 27. Qc3 Bd6 28. Nxd6 Rxd6 29. Nb5 Rd7 30. Qa5+ Ke7 31. Qb4+ Ke8 32. Nd6+ Rxd6 33. Qxd6 Be6 34. Qb8+ $18 Ke7 35. Qxb7+ Nd7 36. a4 Nf3 37. Rh1 Nd2+ 38. Ka2 Qf4 39. b3 Qe4 40. Rxd2 Qxh1 41. a5 e4 42. a6 e3 43. Re2 Qd1 44. Qb4+ Ke8 45. a7 Qxe2 46. a8=Q+ Kf7 47. Qf4+ Ke7 48. Qg5+ Kd6 49. Qa3+ Kc6 50. Qg6 Qxg4 51. Qxg4 Bxg4 52. Qa4+ 1-0

[Event "WYCC 2018 O14"]
[Site "Halkidiki"]
[Date "2018.10.23"]
[Round "5"]
[White "Huang, Renjie"]
[Black "Fecker, Noah"]
[Result "1/2-1/2"]
[ECO "B44"]
[WhiteElo "2322"]
[BlackElo "2184"]
[Annotator "NA"]
[PlyCount "65"]
[EventDate "2018.10.20"]
[EventType "swiss"]
[EventCountry "GRE"]
[SourceTitle "playchess.com"]
[Source "ChessBase"]
[SourceQuality "1"]
[TimeControl "40/5400+30:1800+30"]

1. e4 c5 2. Nf3 e6 3. d4 cxd4 4. Nxd4 Nc6 5. g3 a6 6. Bg2 Qc7 7. O-O Nf6 8. Nc3 h5 {[%emt 0:02:01] B47: Sicilian: Taimanov: 5 Nc3 Qc7 6 f4, 6 g3 and 6 Be2} (8... Be7 9. Re1 O-O 10. Nxc6 dxc6 11. e5 Rd8 12. Qe2 Nd5 {½-½ (12) Mamedov,R (2708)-Andreikin,D (2702) Minsk 2018}) 9. Bg5 Bc5 10. Nxc6 dxc6 11. e5 $146 ({Predecessor:} 11. Na4 Ba7 12. c4 b5 13. cxb5 axb5 14. Nc3 b4 15. e5 bxc3 16. exf6 {1-0 (49) Kummle,T (2126)-Budisin,S (2148) Germany 2006}) 11... Qxe5 12. Ne4 Qd4 13. Qe2 Nxe4 14. Rad1 Nxg5 15. Rxd4 Bxd4 16. h4 Nh7 17. Qc4 Bf6 18. Bxc6+ Kf8 19. Bxb7 Bxb7 20. Qb4+ Be7 21. Qxb7 Rd8 22. c4 g5 23. b4 gxh4 24. c5 {[%emt 0:00:57] [#]} Bg5 $11 (24... f5 $1 $19 25. a4 (25. Qxa6 $2 Kf7 $17) 25... Kf7 26. Qxa6 Nf6) 25. c6 Kg7 26. Qxa6 Nf6 27. b5 Ra8 28. Qb6 Nd5 29. Qd4+ Bf6 30. Qc5 Bd8 31. Qd4+ Bf6 32. Qc5 Bd8 33. Qd4+ 1/2-1/2

[Event "WYCC 2018 O14"]
[Site "Halkidiki"]
[Date "2018.10.23"]
[Round "5"]
[White "Dardha, Daniel"]
[Black "Vitenberg, Noam Aviv"]
[Result "1/2-1/2"]
[ECO "E53"]
[WhiteElo "2316"]
[BlackElo "2175"]
[Annotator "NA"]
[PlyCount "96"]
[EventDate "2018.10.20"]
[EventType "swiss"]
[EventCountry "GRE"]
[SourceTitle "playchess.com"]
[Source "ChessBase"]
[SourceQuality "1"]
[TimeControl "40/5400+30:1800+30"]

1. d4 Nf6 2. c4 e6 3. Nc3 Bb4 4. e3 O-O 5. Bd3 d5 6. Nf3 c5 7. O-O cxd4 8. exd4 dxc4 9. Bxc4 b6 10. Bg5 Bb7 11. Qe2 Nbd7 12. Ne5 Rc8 13. Rfd1 Re8 14. Bb5 h6 15. Bxd7 hxg5 16. Bxc8 Qxc8 17. Rac1 Qa8 18. f3 a6 19. Rc2 Rd8 20. a3 Bd6 21. Qe3 Nd5 22. Nxd5 Bxd5 23. Rdc1 f6 24. Nd3 Kf7 25. h3 Qb8 26. Qe2 a5 27. Rc3 Bh2+ 28. Kf1 Bb7 29. f4 Bxf4 30. Nxf4 Qxf4+ 31. Kg1 Qxd4+ 32. Kh1 Qd5 33. Rc7+ Kg6 34. Qc2+ f5 35. Re1 Rh8 36. Kg1 Qd4+ 37. Qf2 Qxf2+ 38. Kxf2 Bd5 39. Rec1 Rh4 40. Rd7 Rf4+ 41. Kg1 Rd4 42. Rcc7 Rd1+ 43. Kh2 Rd2 44. Rxg7+ Kh6 45. Rh7+ Kg6 46. Rhg7+ Kh6 47. Rh7+ Kg6 48. Rhg7+ Kh6 1/2-1/2

[Event "WYCC 2018 O14"]
[Site "Halkidiki"]
[Date "2018.10.23"]
[Round "5"]
[White "Gharibyan, Mamikon"]
[Black "Ngo, Duc Tri"]
[Result "1/2-1/2"]
[ECO "D06"]
[WhiteElo "2314"]
[BlackElo "1883"]
[Annotator "NA"]
[PlyCount "92"]
[EventDate "2018.10.20"]
[EventType "swiss"]
[EventCountry "GRE"]
[SourceTitle "playchess.com"]
[Source "ChessBase"]
[SourceQuality "1"]
[TimeControl "40/5400+30:1800+30"]

1. d4 d5 2. c4 Bf5 3. Nc3 e6 4. Nf3 c6 5. e3 Nd7 6. Bd3 {[%emt 0:01:10] LiveBook: 95 Games} dxc4 {[%emt 0:03:58] D11: Slav Defence: 3 Nf3 sidelines and 3...Nf6 4 e3 Bg4} (6... Bg6 7. Bxg6 hxg6 8. Qb3 Qb6 9. e4 dxe4 10. Nxe4 Ngf6 11. Nc3 Qb4 12. Bd2 a6 13. h3 Qxb3 14. axb3 {½-½ (39) Vajda,L (2588)-Nepomniachtchi,I (2733) Antalya 2017}) 7. Bxc4 Ngf6 8. O-O Nb6 9. Bd3 Bg6 10. e4 $146 ({Predecessor:} 10. Ne5 Bd6 11. f4 {1-0 (45) Nieberle,C (1692)-Zuerner,B (1241) Bad Koenigshofen 2010}) 10... Be7 11. Be3 Bh5 12. h3 Nbd7 13. Qe2 Bxf3 14. Qxf3 O-O 15. Rad1 Qa5 16. Rfe1 Rad8 17. e5 Nd5 18. Bc1 Nxc3 19. bxc3 Qxa2 20. Qg4 Kh8 21. Re3 g6 22. h4 f5 23. exf6 Rxf6 24. Re2 Qb3 25. Bc2 Qc4 26. h5 Nf8 27. Bg5 Rf7 28. hxg6 hxg6 29. Re3 Bxg5 30. Qxg5 Qd5 31. Re5 Qd6 32. Bxg6 Rg7 33. Qh6+ Kg8 34. Bc2 Qe7 35. Rd3 Rg6 36. Rg3 Rxg3 37. fxg3 Rd5 38. Qh5 Qg7 39. Rxd5 exd5 40. g4 Qe7 41. Kf2 $11 a5 42. Qh6 Qf7+ 43. Bf5 Qe7 44. Bc2 Qf7+ 45. Kg3 Qc7+ 46. Kf3 Qf7+ 1/2-1/2

[Event "WYCC 2018 O14"]
[Site "Halkidiki"]
[Date "2018.10.23"]
[Round "5"]
[White "Suleymanli, Aydin"]
[Black "Galkin, Gleb"]
[Result "1-0"]
[ECO "A00"]
[WhiteElo "2313"]
[BlackElo "2134"]
[Annotator "NA"]
[PlyCount "95"]
[EventDate "2018.10.20"]
[EventType "swiss"]
[EventCountry "GRE"]
[SourceTitle "playchess.com"]
[Source "ChessBase"]
[SourceQuality "1"]
[TimeControl "40/5400+30:1800+30"]

1. b4 d5 2. Bb2 Nf6 3. Nf3 Bf5 4. e3 e6 5. a3 Bd6 6. d3 {[%emt 0:09:11] A00: Irregular Openings} (6. c4 c6 7. Be2 Nbd7 8. O-O h6 9. cxd5 cxd5 10. d3 O-O 11. Nbd2 a5 12. bxa5 Qxa5 13. Nb3 Qb6 14. Nfd4 Bh7 15. a4 Rfc8 16. Nb5 Bb4 17. Qb1 e5 18. Nc1 Bc5 19. Nb3 Bb4 20. Nc1 Bc5 21. Nb3 Bb4 22. Nc1 {½-½ (22) Mirzoev,A (2571)-Topak,E (2308) Ankara 2011}) 6... Nbd7 7. Nbd2 O-O 8. c4 c6 9. Be2 e5 $146 ({Predecessor:} 9... a5 10. b5 cxb5 11. cxb5 Nc5 12. Nb3 Nxb3 13. Qxb3 {0-1 (42) Zhao,P-Song,R (1985) Chalkidiki 2003}) 10. O-O Qe7 11. e4 dxe4 12. Nh4 Be6 13. dxe4 Bc7 14. Nhf3 h6 15. Qc2 g5 16. g3 Rad8 17. Ne1 Ne8 18. Ng2 Nd6 19. Ne3 f6 20. c5 Nf7 21. Nf5 Bxf5 22. exf5 Rfe8 23. Ne4 Nf8 24. Bc4 Kg7 25. Qe2 b5 26. Bb3 a6 27. Qf3 Rd7 28. a4 Red8 29. Qh5 Rd3 30. Bc2 R3d5 31. axb5 axb5 32. Ra7 R8d7 33. Ra6 Rd2 34. Nxd2 Rxd2 35. Rc1 e4 36. Bc3 Rd5 37. Re1 Be5 38. Bxe5 Rxe5 39. Bb3 Nd8 40. Rea1 e3 41. Ra7 $18 exf2+ 42. Kf1 Nb7 43. Qf7+ Qxf7 44. Bxf7 Re7 45. Bd5 Rc7 46. Bxc6 Rxc6 47. Rxb7+ Kg8 48. Ra8 1-0

[Event "WYCC 2018 O14"]
[Site "Halkidiki"]
[Date "2018.10.23"]
[Round "5"]
[White "Popov, Konstantin"]
[Black "Turgut, Aydin"]
[Result "0-1"]
[ECO "C84"]
[WhiteElo "2304"]
[BlackElo "2156"]
[Annotator "ChessBase"]
[PlyCount "134"]
[EventDate "2018.10.20"]
[EventType "swiss"]
[EventCountry "GRE"]
[SourceTitle "playchess.com"]
[Source "ChessBase"]
[SourceQuality "1"]
[TimeControl "40/5400+30:1800+30"]

1. e4 e5 2. Nf3 Nc6 3. Bb5 a6 4. Ba4 Nf6 5. O-O Be7 6. d3 b5 7. Bb3 d6 8. a4 b4 9. a5 O-O 10. Nbd2 Be6 11. Nc4 Rb8 12. Be3 Qc8 13. Qe2 h6 14. h3 Rd8 15. Nfd2 d5 16. Ba4 dxc4 17. Bxc6 Bd7 18. Bxd7 cxd3 19. Bxc8 dxe2 20. Bxa6 exf1=Q+ 21. Bxf1 Nd7 22. Nb3 Bg5 23. Bxg5 hxg5 24. Bc4 c6 25. a6 Ra8 26. Bd3 Rdb8 27. Kh2 Rb6 28. Rd1 Kf8 29. Bc4 Ke7 30. Kg3 Ra7 31. Kg4 c5 32. Kf3 f6 33. Be2 Rd6 34. Ra1 g6 35. Ra5 Nb8 36. Nxc5 Nc6 37. Ra4 Nd4+ 38. Ke3 Nxc2+ 39. Kf3 Nd4+ 40. Ke3 Nc2+ 41. Kf3 f5 42. Kg3 Rd2 43. Bf3 f4+ 44. Kh2 Kf6 45. Nb3 Rd6 46. Nc5 Rc6 47. Ra5 Nd4 48. Bd1 b3 49. Nxb3 Rcxa6 50. Nxd4 Rxa5 51. Nc6 R5a6 52. Nxa7 Rxa7 53. g3 Ra2 54. Kg2 Rxb2 55. Kf3 Rd2 56. Ba4 g4+ 57. hxg4 Rd3+ 58. Kg2 f3+ 59. Kf1 Kg5 60. Ke1 Kxg4 61. Be8 Rd6 62. Bb5 Rd4 63. Bf1 Rxe4+ 64. Kd2 Ra4 65. Bb5 Ra2+ 66. Ke3 Ra3+ 67. Ke4 Kh3 {[%emt 0:00:13] Kd4} 0-1

[Event "WYCC 2018 O14"]
[Site "Halkidiki"]
[Date "2018.10.23"]
[Round "5"]
[White "Tadic, Stefan"]
[Black "Kacharava, Nikolozi"]
[Result "0-1"]
[ECO "C41"]
[WhiteElo "2295"]
[BlackElo "2373"]
[Annotator "NA"]
[PlyCount "94"]
[EventDate "2018.10.20"]
[EventType "swiss"]
[EventCountry "GRE"]
[SourceTitle "playchess.com"]
[Source "ChessBase"]
[SourceQuality "1"]
[TimeControl "40/5400+30:1800+30"]

1. e4 d6 2. d4 Nf6 3. Nc3 e5 4. Nf3 Nbd7 5. Bc4 Be7 6. O-O O-O 7. a4 c6 8. Ba2 b6 9. Re1 a6 10. h3 Rb8 11. d5 $11 {[%emt 0:07:47] LiveBook: 8 Games} cxd5 12. exd5 Ne8 13. Qe2 g6 14. Bh6 Ng7 15. Bc4 Ra8 16. Na2 a5 17. Nd4 Nb8 18. Nc6 Qc7 19. Nc3 Ba6 20. Bxa6 Nxa6 21. Nb5 Qd7 22. Nxe7+ Qxe7 23. Ra3 Nc5 24. Qg4 f5 25. Bg5 Qd7 26. Qh4 f4 27. Qg4 Nf5 28. h4 Nxa4 29. Qe2 Nc5 30. g4 Ne3 31. f3 Kg7 32. Rxe3 fxe3 33. Bxe3 Rf6 34. Bg5 Rf7 35. c4 Raf8 36. Rf1 e4 37. Nd4 exf3 38. Ne6+ Nxe6 39. Qxe6 Re8 40. Qxd7 Rxd7 41. Rxf3 Re4 42. Bf6+ Kg8 43. g5 Rxh4 44. Rb3 Rb7 45. c5 dxc5 46. Re3 Rd7 47. Rd3 Rd4 0-1

[Event "WYCC 2018 O14"]
[Site "Halkidiki"]
[Date "2018.10.23"]
[Round "5"]
[White "Ognean, Mihnea-Ionut"]
[Black "Wang, Alex"]
[Result "1-0"]
[ECO "E92"]
[WhiteElo "2291"]
[BlackElo "2076"]
[Annotator "NA"]
[PlyCount "47"]
[EventDate "2018.10.20"]
[EventType "swiss"]
[EventCountry "GRE"]
[SourceTitle "playchess.com"]
[Source "ChessBase"]
[SourceQuality "1"]
[TimeControl "40/5400+30:1800+30"]

1. d4 Nf6 2. c4 g6 3. Nc3 Bg7 4. e4 d6 5. Nf3 O-O 6. Be2 e5 7. d5 a5 8. Bg5 h6 9. Be3 Na6 {[%emt 0:13:35] E92: King's Indian: Classical: 6 Be2 e5: 7 dxe5, 7 Be3 and Petrosian System without 7...Nbd7} (9... Ng4 10. Bd2 f5 11. h3 Nf6 12. exf5 gxf5 13. g3 Na6 14. Qc1 Kh7 15. Nh4 Nc5 16. Be3 Nfe4 17. Nxe4 Nxe4 {½-½ (42) Korobov,A (2678)-Kovalev,V (2650) Poikovsky 2018}) 10. Nd2 Nd7 11. g4 f5 12. exf5 gxf5 13. gxf5 Ndc5 14. Rg1 Kh8 {[%emt 0:02:48] [#]} 15. Bg4 $1 $146 ({Predecessor:} 15. Nde4 Bxf5 16. Ng3 Bg6 17. Nh5 Bxh5 18. Bxh5 {1-0 (48) Ulko,J (2470)-Stets,D (2420) Senden 2008}) 15... Rxf5 16. Nde4 Nxe4 17. Nxe4 Rf7 18. Bxc8 Rxc8 $4 (18... Qxc8 $16 19. Kd2 Qf5) 19. Qh5 Qf8 20. Ke2 Rf5 21. Qh3 Re8 22. Rxg7 Qxg7 23. Qxf5 Rf8 $18 24. Qh5 1-0

[Event "WYCC 2018 O14"]
[Site "Halkidiki"]
[Date "2018.10.23"]
[Round "5"]
[White "Cohen Revivo, Shoham"]
[Black "Runets, Ivan"]
[Result "0-1"]
[ECO "B40"]
[WhiteElo "2289"]
[BlackElo "2047"]
[Annotator "NA"]
[PlyCount "100"]
[EventDate "2018.10.20"]
[EventType "swiss"]
[EventCountry "GRE"]
[SourceTitle "playchess.com"]
[Source "ChessBase"]
[SourceQuality "1"]
[TimeControl "40/5400+30:1800+30"]

1. e4 c5 2. Nf3 e6 3. Qe2 d6 4. g3 b6 5. Bg2 Bb7 6. O-O {[%emt 0:01:12] LiveBook: 22 Games} Nf6 7. d3 Be7 8. Nbd2 O-O 9. b3 Nc6 10. Bb2 Qc7 $11 11. Rfe1 Rfd8 12. Nf1 b5 13. Ne3 Nd7 14. c3 b4 15. cxb4 Nxb4 16. a3 Nc6 17. Qc2 Rac8 18. Rac1 Qb8 19. Qd1 Nde5 20. Nc4 Ba6 21. Rb1 Rd7 22. Bf1 Bf6 23. Nfd2 Rb7 24. f4 Nxc4 25. dxc4 Bxb2 26. Rxb2 Nd4 27. Re3 Rb6 28. Nf3 Nxf3+ 29. Qxf3 Bb7 30. Bg2 Qc7 31. Qd1 a5 32. Rd2 Ba6 33. Red3 Rd8 34. a4 h6 35. Kf2 Qe7 36. e5 d5 37. cxd5 Bxd3 38. d6 Rbxd6 39. exd6 Qxd6 40. Kg1 Qd4+ 41. Kh1 Qe3 42. Ra2 Rb8 43. Ra1 Be4 44. Ra3 c4 45. Bxe4 Qxe4+ 46. Kg1 Qe3+ 47. Kf1 cxb3 48. Ra1 Rc8 49. Rb1 Rc2 50. Qd8+ Kh7 0-1

[Event "WYCC 2018 O14"]
[Site "Halkidiki"]
[Date "2018.10.23"]
[Round "5"]
[White "Gines Esteo, Pedro Antonio"]
[Black "Nogerbek, Kazybek"]
[Result "1/2-1/2"]
[ECO "D05"]
[WhiteElo "2288"]
[BlackElo "2316"]
[Annotator "NA"]
[PlyCount "64"]
[EventDate "2018.10.20"]
[EventType "swiss"]
[EventCountry "GRE"]
[SourceTitle "playchess.com"]
[Source "ChessBase"]
[SourceQuality "1"]
[TimeControl "40/5400+30:1800+30"]

1. d4 Nf6 2. Nf3 e6 3. e3 c5 4. Bd3 d5 5. b3 Nc6 6. Bb2 Bd6 7. O-O O-O 8. Nbd2 b6 9. a3 Bb7 10. Qe2 Rc8 11. Rfd1 cxd4 $11 12. exd4 Ne7 13. Ne5 Ng6 14. g3 Qc7 15. Rac1 Bxe5 16. dxe5 Nd7 17. f4 Nc5 18. Nf3 Nxd3 19. cxd3 Qd7 20. Nd4 Ne7 21. a4 Nf5 22. Nxf5 exf5 23. Ba3 Rxc1 24. Rxc1 Rc8 25. Qb2 Rxc1+ 26. Qxc1 d4 27. Qc4 Qd5 28. Qxd5 Bxd5 29. b4 Bb3 30. a5 bxa5 31. bxa5 Bc2 32. Bc5 a6 1/2-1/2

[Event "WYCC 2018 O14"]
[Site "Halkidiki"]
[Date "2018.10.23"]
[Round "5"]
[White "Kushagra Mohan"]
[Black "Lopez Varela, Pablo"]
[Result "1/2-1/2"]
[ECO "C41"]
[WhiteElo "2283"]
[BlackElo "2172"]
[Annotator "NA"]
[PlyCount "58"]
[EventDate "2018.10.20"]
[EventType "swiss"]
[EventCountry "GRE"]
[SourceTitle "playchess.com"]
[Source "ChessBase"]
[SourceQuality "1"]
[TimeControl "40/5400+30:1800+30"]

1. e4 e5 2. Nf3 d6 3. d4 exd4 4. Nxd4 Nf6 5. Nc3 Be7 6. Bf4 O-O 7. Qd2 d5 8. Ndb5 Bb4 9. O-O-O c6 10. Nc7 Nxe4 11. Qe3 Bxc3 12. bxc3 Qe7 13. Kb2 g5 {[%emt 0:02:31] [#]} 14. Nxa8 $2 (14. Bg3 $1 $18 f5 15. Nxa8) 14... gxf4 15. Qxf4 Qc5 16. Rd3 Na6 $14 17. f3 Nf2 18. Rd4 Nxh1 19. Qg5+ Kh8 20. Qf6+ Kg8 21. Bd3 Re8 22. Bxh7+ Kf8 23. Bd3 Nf2 24. Bg6 Be6 25. Rh4 Qb5+ 26. Ka1 Qf1+ 27. Kb2 Qb5+ 28. Ka1 Qf1+ 29. Kb2 Qb5+ 1/2-1/2